 Dungeon Crawl Stone Soup version 0.28-a0-474-g535839065c (webtiles) character file.

Game seed: 2687112025258143116

170 Spaninq the Gusty (level 5, -4/30 HPs)
             Began as a Tengu Air Elementalist on Sept 15, 2021.
             Slain by a bullfrog (7 damage)
             ... in a sewer.
             The game lasted 00:14:13 (3970 turns).

Spaninq the Gusty (Tengu Air Elementalist)          Turns: 3970, Time: 00:14:13

Health: -4/30      AC:  2    Str: 10    XL:     5   Next: 51%
Magic:  7/11       EV: 14    Int: 16    God:
Gold:   107        SH:  0    Dex: 15    Spells: 4/11 levels left

rFire   + . .      SeeInvis .   b - +0 dagger
rCold   + + .      Faith    .   (no shield)
rNeg    . . .      Spirit   .   a - +0 robe
rPois   .          Reflect  .   (helmet restricted)
rElec   .          Harm     .   j - scarf {rC+ rF+}
rCorr   .          Rampage  .   (no gloves)
Will    .....                   (boots unavailable)
Stlth   ++........              (no amulet)
HPRegen 0.10/turn               (no ring)
MPRegen 0.12/turn               (no ring)

@: flying quickly and evasively, hasted, very quick
A: beak, talons 3, nimble flight, cold resistance 1, sense surroundings 1,
strong 1
a: no special abilities


You were in a sewer.
You visited 1 branch of the dungeon, and saw 3 of its levels.
You also visited: Sewer.

You collected 107 gold pieces.

Inventory:

Hand Weapons
 b - a +0 dagger (weapon)
Armour
 a - a +0 robe (worn)
 c - a +0 ring mail
 j - a scarf of resistance (worn)
Wands
 l - a wand of flame (26)
Potions
 e - a potion of brilliance
 h - a potion of lignification {unknown}
 i - 2 potions of might
 o - a potion of berserk rage {unknown}


   Skills:
 + Level 1.7 Fighting
 - Level 2.1 Dodging
 - Level 2.0 Stealth
 * Level 3.5 Spellcasting
 + Level 3.2 Conjurations
 + Level 5.1 Air Magic


You had 4 spell levels left.
You knew the following spells:

 Your Spells              Type           Power      Damage    Failure   Level
a - Shock                 Conj/Air       64%        1d7       3%          1
b - Static Discharge      Conj/Air       16%        N/A       4%          2
c - Airstrike             Air            9%         N/A       22%         4

Your spell library contained the following spells:

 Spells                   Type           Power      Damage    Failure   Level
 Swiftness                Air            19%        N/A       6%          3
 Animate Skeleton         Necr           4%         N/A       19%         1
 Pain                     Necr           8%         1d4       19%         1
 Vampiric Draining        Necr           1%         2d6       47%         3


Dungeon Overview and Level Annotations

Branches:
Dungeon (3/15)              Sewer (1/1)

Altars:

Shops:
D:1 (


Innate Abilities, Weirdness & Mutations

You have a beak for a mouth.
You have claws for feet.
Your magical nature lets you fly swiftly and evasively.
Your flesh is cold resistant. (rC+)
You passively map a small area around you.
Your muscles are strong. (Str +2)


Message History

Press: ? - help, Shift-Dir - straight line The zap hits the endoplasm.
The endoplasm is heavily wounded.
The zap hits the endoplasm.
You kill the endoplasm!
You start resting.
Magic restored.
You see here a frilled lizard corpse.
Found a scroll labelled IGUW NUKKIRARR, 43 gold pieces and 6 javelins.
A frilled lizard, a ball python, 2 adders and a giant cockroach come into view.
The ball python hisses angrily.
You hear a loud, deep croak! x2
A bullfrog comes into view. x2
The bullfrog releases a deep croak.
The adder moves out of view.
You see here a frilled lizard corpse.
The bullfrog hits you!
Casting: Shock (safe; 3% risk of failure)
Confirm with . or Enter, or press ? or * to list all spells.
The bullfrog is struck by an arc of lightning.
The bullfrog is moderately wounded.
You are struck by an arc of lightning.
The lightning grounds out.
The bullfrog hits you but does no damage.
Casting: Static Discharge (safe; 4% risk of failure)
Confirm with . or Enter, or press ? or * to list all spells.
The ball python is struck by an arc of lightning.
You kill the ball python!
The bullfrog is struck by an arc of lightning.
The bullfrog is heavily wounded.
The lightning grounds out.
The bullfrog hits you. x2; The bullfrog hits you!
* * * LOW HITPOINT WARNING * * *
The bullfrog misses you.
There is a gate leading back out of this place here.
It was a potion of mutation.
You feel extremely strange.
You feel stronger.
You feel resistant to cold.
You feel a strange attunement to the structure of the dungeons.
The bullfrog misses you.
The bullfrog hits you but does no damage.
The bullfrog closely misses you.
It was a potion of haste.
You feel yourself speed up. The bullfrog hits you!
You die...

##..#≈≈≈##≈.≈.≈.≈##..≈
#..##≈.##≈≈≈≈≈..≈≈##≈≈
#∩.#≈≈≈#≈≈≈.≈≈≈≈..≈#≈≈
#.≈#≈.##≈≈†#####≈≈≈##.
##.##≈≈#≈.≈## ##†.≈#≈
#.†#≈≈≈#.≈## ##≈≈#≈
#.≈#≈###.≈# , ≈ #†≈##
#≈.#†#≈≈.##≈≈≈S≈≈≈##†≈#
#.≈#†#@≈†# ≈FB≈≈≈≈ #≈≈#
#.†#.#FF≈# ≈l≈S..≈ #.≈#
#≈≈#≈##≈†# .≈≈.$≈≈≈#≈≈#
#≈≈#≈≈#≈≈# ≈.≈.$.≈ #≈≈#
#.†#≈≈#..# ≈≈$(..≈ #≈≈#
#≈≈.≈≈#.†##≈.≈?.≈≈##≈.#
#≈≈≈≈≈#.≈B≈.≈≈..≈≈#≈≈##
#≈≈.≈≈###.≈≈.≈≈≈≈##≈≈#≈
#######≈###≈≈≈≈≈##≈≈≈#≈


You could see 2 bullfrogs and a giant cockroach.

Vanquished Creatures
  A gnoll (D:2)
  2 adders
  A river rat (D:3)
  3 worms
  A dart slug (D:1)
  13 ball pythons
  5 bats
  20 endoplasms
  12 giant cockroaches
  8 goblins
  4 hobgoblins
  2 jackals (D:2)
  16 quokkas
  12 frilled lizards (Sewer)
  4 kobolds
  7 rats
111 creatures vanquished.

Vanquished Creatures (others)
  3 plants (D:2)
3 creatures vanquished.

Grand Total: 114 creatures vanquished

Notes
Turn   | Place    | Note
-------+----------+-------------------------------------------
     0 | D:1      | Spaninq the Tengu Air Elementalist began the quest for the
                  | Orb.
     0 | D:1      | Reached XP level 1. HP: 10/10 MP: 4/4
   332 | D:1      | Found a faded altar of an unknown god.
   345 | D:1      | Reached XP level 2. HP: 15/15 MP: 1/6
   504 | D:1      | Learned a level 2 spell: Static Discharge
   951 | D:1      | Found Lymnam's Weapon Boutique.
  1575 | D:2      | Reached XP level 3. HP: 19/19 MP: 1/7
  2255 | D:2      | Reached skill level 1 in Fighting
  2255 | D:2      | Reached XP level 4. HP: 25/25 MP: 3/9
  2840 | D:3      | Found a glowing drain.
  2991 | Sewer    | Entered a sewer
  3283 | Sewer    | Gained mutation: Your magical nature lets you fly swiftly
                  | and evasively. [Tengu growth]
  3283 | Sewer    | Reached XP level 5. HP: 29/29 MP: 4/11
  3503 | Sewer    | Learned a level 4 spell: Airstrike
  3638 | Sewer    | Reached skill level 5 in Air Magic
  3969 | Sewer    | Gained mutation: Your muscles are strong. (Str +2) [potion
                  | of mutation]
  3969 | Sewer    | Gained mutation: Your flesh is cold resistant. (rC+)
                  | [potion of mutation]
  3969 | Sewer    | Gained mutation: You passively map a small area around you.
                  | [potion of mutation]
  3970 | Sewer    | Slain by a bullfrog

Illustrated notes

Levels and vault maps discovered:
D:1:      dpeg_arrival_subterranean_lakeside_camping, layout_basic,
          shapermc_ecumenical_altar_venn, serial_shops, shop
D:2:      cheibrodos_old_hovel, layout_loops_ring, st_stairs_8
D:3:      layout_loops_cross, lemuel_blue_sif_altar, gammafunk_ghost_arena,
          portal_sewer_entry_e
Sewer:    sewer_frog_island_02

Skill      XL: |  1  2  3  4  5 |
---------------+----------------+-----
Conjurations   | 2 3 |  3.2
Fighting       | 1 |  1.7
Spellcasting   | 3 |  3.5
Air Magic      | 5 |  5.1
Dodging        | |  2.1
Stealth        | |  2.0

Action                   |  1- 3 |  4- 6 || total
-------------------------+-------+-------++-------
Melee: Unarmed           |     4 |       ||     4
       Dagger            |     2 |       ||     2
 Cast: Shock             |    75 |   107 ||   182
       Static Discharge  |       |     5 ||     5
  Use: Scroll            |       |     5 ||     5
       Potion            |       |     2 ||     2
Armor: Robe              |    11 |     5 ||    16
Dodge: Dodged            |    24 |     6 ||    30

Table legend: (Time is in decaauts)
 A = Elapsed time spent in this place.
 B = Non-inter-level travel time spent in this place.
 C = Inter-level travel time spent in this place.
 D = Time resting spent in this place.
 E = Time spent auto-exploring this place.
 F = Levels seen in this place.
 G = Mean time per level.
                   A        B        C        D        E       F      G
               +--------+--------+--------+--------+--------+-----+--------+
         Total |   3992 |   3907 |     85 |   1207 |   2023 |   4 |  998.0 |
       Dungeon |   2996 |   2911 |     85 |    742 |   1692 |   3 |  998.7 |
         Sewer |    996 |    996 |      0 |    465 |    330 |   1 |  996.0 |
               +--------+--------+--------+--------+--------+-----+--------+

Top non-repeatable levels by time:
     D:1: 1626 daAuts
     D:2: 1024 daAuts
   Sewer: 996 daAuts
     D:3: 345 daAuts
